[ AOE2 MATCH · #462463137 ]
Team RMRomans vs Georgians
[ REPLAY ANALYSIS · EXTRACTED FROM THE RECORDED GAME ]
Feudal
13:09
Castle
16:40
Imperial
38:50
| APM avg | 34.5 |
| APM peak | 90 |
| eAPM avg | 16.4 |
| Villagers / military | 149 / 175 |
Focus
⚔️ 41.0% · 🌾 59.0%
Scorpion ×113 · Spearman ×21 · Militia ×17 · Mangonel ×9 · Trebuchet (Packed) ×8 · Battering Ram ×4
Feudal
11:28
Castle
18:48
Imperial
25:06
| APM avg | 20.0 |
| APM peak | 44 |
| eAPM avg | 13.1 |
| Villagers / military | 92 / 178 |
Focus
⚔️ 45.4% · 🌾 54.6%
Hand Cannoneer ×169 · Bombard Cannon ×7 · Monk ×2
Feudal
11:49
Castle
21:21
Imperial
—
| APM avg | 20.1 |
| APM peak | 90 |
| eAPM avg | 6.1 |
| Villagers / military | 45 / 24 |
Focus
⚔️ 23.8% · 🌾 76.2%
Archer ×18 · Mangonel ×2 · Camel Scout ×2 · Spearman ×1 · Scorpion ×1
Feudal
10:08
Castle
15:03
Imperial
—
| APM avg | 56.9 |
| APM peak | 116 |
| eAPM avg | 28.2 |
| Villagers / military | 129 / 52 |
Focus
⚔️ 19.9% · 🌾 80.1%
Ratha (Ranged) ×40 · Scorpion ×9 · Armored Elephant ×3
Feudal
11:21
Castle
16:59
Imperial
31:51
| APM avg | 46.7 |
| APM peak | 105 |
| eAPM avg | 38.1 |
| Villagers / military | 220 / 760 |
Focus
⚔️ 59.7% · 🌾 40.3%
Unknown (882) ×833 · Spearman ×692 · Battering Ram ×68
Feudal
12:12
Castle
17:58
Imperial
35:16
| APM avg | 38.4 |
| APM peak | 72 |
| eAPM avg | 24.4 |
| Villagers / military | 210 / 133 |
Focus
⚔️ 25.7% · 🌾 74.3%
Knight ×116 · Magyar Huszar ×8 · Trebuchet (Packed) ×5 · Spearman ×2 · Trade Cart ×2 · Monk ×2
Feudal
10:55
Castle
14:54
Imperial
35:24
| APM avg | 35.7 |
| APM peak | 88 |
| eAPM avg | 15.7 |
| Villagers / military | 128 / 59 |
Focus
⚔️ 26.8% · 🌾 73.2%
Genoese Crossbowman ×48 · Bombard Cannon ×7 · Mangonel ×2 · Trebuchet (Packed) ×2
Feudal
12:20
Castle
16:00
Imperial
35:19
| APM avg | 18.7 |
| APM peak | 76 |
| eAPM avg | 9.2 |
| Villagers / military | 115 / 145 |
Focus
⚔️ 28.3% · 🌾 71.7%
Monaspa ×127 · Battering Ram ×8 · Cavalry Archer ×4 · Knight ×2 · Petard ×2 · Trebuchet (Packed) ×2
Match map
Initial resources + every placement click. Lines = walls · curves = elevation contours. ◆ gold · ⬟ stone · ● berries · ✦ relic · ◌ wall gap
Your base· ✓ Closed at 16:40 · 0t walls · 3 gate(s)
DJAKONDA's base· ✓ Closed at 18:48 · 0t walls · 3 gate(s)
xdmastorx's base· ✓ Closed at 21:21 · 0t walls · 2 gate(s)
uahdrom esipsed i (DY-G)'s base· ✓ Closed at 15:03 · 1t walls · 2 gate(s)
Lilbalayya's base· ✓ Closed at 16:59 · 0t walls · 2 gate(s)
MA's base· ✓ Closed at 17:58 · 0t walls · 2 gate(s)
546308830's base· ✓ Closed at 14:54 · 0t walls · 3 gate(s)
买麻衣也用劵's base· ✓ Closed at 16:00 · 0t walls · 3 gate(s)
Smoothed initial terrain · ◌ = detected wall gap · hover for details
Inputs per minute
— kangkang87 - - DJAKONDA
Build order — kangkang87
First 150 of 467 actions detected
| 0:01 | Create | Villager (Male) |
| 0:01 | Create | Villager (Male) |
| 0:01 | Create | Villager (Male) |
| 0:02 | Create | Villager (Male) |
| 0:02 | Create | Villager (Male) |
| 0:02 | Create | Villager (Male) |
| 0:04 | Build | House |
| 0:06 | Build | House |
| 1:33 | Create | Villager (Male) |
| 1:34 | Create | Villager (Male) |
| 2:01 | Create | Villager (Male) |
| 2:01 | Create | Villager (Male) |
| 2:39 | Create | Villager (Male) |
| 2:39 | Create | Villager (Male) |
| 2:56 | Build | Lumber Camp |
| 2:57 | Create | Villager (Male) |
| 2:58 | Create | Villager (Male) |
| 3:29 | Create | Villager (Male) |
| 3:29 | Create | Villager (Male) |
| 3:29 | Create | Villager (Male) |
| 3:43 | Create | Villager (Male) |
| 3:43 | Create | Villager (Male) |
| 3:43 | Create | Villager (Male) |
| 4:11 | Create | Villager (Male) |
| 4:11 | Create | Villager (Male) |
| 4:17 | Build | House |
| 4:49 | Create | Villager (Male) |
| 4:49 | Create | Villager (Male) |
| 5:27 | Create | Villager (Male) |
| 5:27 | Create | Villager (Male) |
| 5:34 | Build | House |
| 5:35 | Build | House |
| 5:42 | Build | Mill |
| 5:45 | Create | Villager (Male) |
| 5:46 | Create | Villager (Male) |
| 5:46 | Create | Villager (Male) |
| 5:46 | Create | Villager (Male) |
| 6:52 | Build | Farm |
| 7:03 | Create | Villager (Male) |
| 7:03 | Create | Villager (Male) |
| 7:04 | Create | Villager (Male) |
| 7:04 | Create | Villager (Male) |
| 7:04 | Create | Villager (Male) |
| 7:08 | Build | Farm |
| 7:14 | Build | House |
| 7:19 | Create | Villager (Male) |
| 7:19 | Create | Villager (Male) |
| 7:19 | Create | Villager (Male) |
| 7:28 | Create | Villager (Male) |
| 7:28 | Create | Villager (Male) |
| 7:51 | Build | Farm |
| 8:14 | Build | House |
| 8:27 | Create | Villager (Male) |
| 8:27 | Create | Villager (Male) |
| 8:27 | Create | Villager (Male) |
| 8:28 | Create | Villager (Male) |
| 8:28 | Create | Villager (Male) |
| 8:28 | Create | Villager (Male) |
| 8:31 | Build | Farm |
| 8:49 | Build | Farm |
| 9:05 | Create | Villager (Male) |
| 9:21 | Build | Farm |
| 9:54 | Build | Farm |
| 10:05 | Create | Villager (Male) |
| 10:06 | Create | Villager (Male) |
| 10:06 | Create | Villager (Male) |
| 10:17 | Build | Lumber Camp |
| 10:32 | Build | Farm |
| 10:52 | Research | Feudal Age |
| 11:04 | Build | Mining Camp |
| 11:12 | Create | Villager (Male) |
| 11:49 | Build | Farm |
| 12:06 | Build | Farm |
| 12:14 | Build | Farm |
| 12:22 | Build | Farm |
| 12:36 | Create | Villager (Male) |
| 13:09 | Age | Feudal Age |
| 13:19 | Build | Market |
| 13:23 | Research | Loom |
| 13:30 | Build | Blacksmith |
| 14:00 | Research | Castle Age |
| 14:09 | Build | Barracks |
| 14:21 | Build | Barracks |
| 14:30 | Research | Double-Bit Axe |
| 14:32 | Research | Horse Collar |
| 14:45 | Research | Scale Mail Armor |
| 15:07 | Build | House |
| 15:08 | Build | House |
| 15:24 | Research | Man-at-Arms (upgrade) |
| 15:32 | Research | Gold Mining |
| 15:52 | Create | Militia |
| 16:03 | Create | Villager (Male) |
| 16:06 | Create | Villager (Male) |
| 16:12 | Build | House |
| 16:40 | Age | Castle Age |
| 16:44 | Build | Siege Workshop |
| 16:50 | Research | Long Swordsman (upgrade) |
| 17:10 | Build | Farm |
| 17:24 | Create | Villager (Male) |
| 17:25 | Create | Villager (Male) |
| 17:28 | Research | Chain Mail Armor |
| 17:30 | Create | Militia |
| 17:31 | Create | Battering Ram |
| 17:34 | Build | House |
| 17:57 | Create | Militia |
| 18:08 | Build | House |
| 18:10 | Create | Spearman |
| 18:13 | Create | Villager (Male) |
| 18:15 | Create | Battering Ram |
| 18:27 | Create | Villager (Male) |
| 18:45 | Create | Militia |
| 18:50 | Build | House |
| 18:53 | Create | Battering Ram |
| 19:01 | Create | Militia |
| 19:04 | Create | Villager (Male) |
| 19:11 | Build | Farm |
| 19:19 | Create | Militia |
| 19:34 | Create | Militia |
| 19:35 | Create | Spearman |
| 19:58 | Build | House |
| 19:59 | Build | House |
| 20:28 | Create | Battering Ram |
| 20:30 | Create | Militia |
| 20:31 | Create | Militia |
| 20:31 | Create | Militia |
| 20:31 | Create | Militia |
| 20:34 | Create | Villager (Male) |
| 20:34 | Create | Villager (Male) |
| 20:35 | Create | Villager (Male) |
| 20:58 | Build | House |
| 20:59 | Build | House |
| 21:07 | Create | Militia |
| 21:08 | Create | Militia |
| 21:11 | Create | Villager (Male) |
| 21:17 | Build | Town Center |
| 21:49 | Research | Squires |
| 21:50 | Create | Militia |
| 21:51 | Create | Spearman |
| 21:54 | Research | Wheelbarrow |
| 21:57 | Research | Heavy Plow |
| 22:06 | Build | House |
| 22:07 | Build | House |
| 22:23 | Create | Villager (Male) |
| 22:24 | Create | Villager (Male) |
| 22:29 | Build | Farm |
| 22:31 | Build | Farm |
| 22:34 | Create | Villager (Male) |
| 22:34 | Create | Villager (Male) |
| 22:37 | Create | Villager (Male) |
| 23:01 | Create | Militia |
Build order — DJAKONDA
First 150 of 372 actions detected
| 0:02 | Create | Villager (Male) |
| 0:02 | Create | Villager (Male) |
| 0:02 | Create | Villager (Male) |
| 0:05 | Build | House |
| 0:06 | Build | House |
| 0:28 | Create | Villager (Male) |
| 0:28 | Create | Villager (Male) |
| 0:48 | Build | House |
| 0:49 | Build | House |
| 1:48 | Create | Villager (Male) |
| 1:48 | Create | Villager (Male) |
| 2:19 | Create | Villager (Male) |
| 2:19 | Create | Villager (Male) |
| 2:19 | Create | Villager (Male) |
| 2:49 | Create | Villager (Male) |
| 2:49 | Create | Villager (Male) |
| 2:49 | Create | Villager (Male) |
| 3:24 | Create | Villager (Male) |
| 3:25 | Create | Villager (Male) |
| 3:25 | Create | Villager (Male) |
| 3:25 | Create | Villager (Male) |
| 3:25 | Create | Villager (Male) |
| 4:18 | Create | Villager (Male) |
| 4:18 | Create | Villager (Male) |
| 4:19 | Create | Villager (Male) |
| 4:19 | Create | Villager (Male) |
| 4:55 | Create | Villager (Male) |
| 4:55 | Create | Villager (Male) |
| 4:56 | Create | Villager (Male) |
| 5:23 | Create | Villager (Male) |
| 5:43 | Create | Villager (Male) |
| 6:27 | Create | Villager (Male) |
| 6:28 | Create | Villager (Male) |
| 6:28 | Create | Villager (Male) |
| 6:29 | Create | Villager (Male) |
| 7:04 | Build | Lumber Camp |
| 7:16 | Build | Mill |
| 8:18 | Create | Villager (Male) |
| 8:22 | Build | Mining Camp |
| 8:33 | Create | Villager (Male) |
| 9:16 | Research | Feudal Age |
| 11:13 | Build | Barracks |
| 11:28 | Age | Feudal Age |
| 11:31 | Build | House |
| 11:38 | Build | Market |
| 11:40 | Create | Villager (Male) |
| 11:40 | Create | Villager (Male) |
| 11:40 | Create | Villager (Male) |
| 11:41 | Create | Villager (Male) |
| 11:41 | Create | Villager (Male) |
| 11:41 | Create | Villager (Male) |
| 11:41 | Create | Villager (Male) |
| 11:50 | Research | Horse Collar |
| 11:59 | Research | Double-Bit Axe |
| 12:05 | Build | House |
| 12:06 | Build | House |
| 12:08 | Build | House |
| 12:24 | Build | Blacksmith |
| 12:36 | Build | Farm |
| 12:39 | Build | Farm |
| 12:48 | Build | Farm |
| 12:50 | Build | Farm |
| 12:57 | Build | Farm |
| 13:13 | Research | Gold Mining |
| 14:00 | Build | Farm |
| 14:04 | Create | Villager (Male) |
| 14:04 | Create | Villager (Male) |
| 14:04 | Create | Villager (Male) |
| 14:04 | Create | Villager (Male) |
| 14:46 | Build | Farm |
| 15:00 | Build | Farm |
| 15:08 | Build | Farm |
| 15:27 | Build | Farm |
| 15:48 | Build | Farm |
| 16:08 | Research | Castle Age |
| 18:14 | Create | Villager (Male) |
| 18:14 | Create | Villager (Male) |
| 18:15 | Create | Villager (Male) |
| 18:15 | Create | Villager (Male) |
| 18:15 | Create | Villager (Male) |
| 18:48 | Age | Castle Age |
| 18:52 | Build | Town Center |
| 19:04 | Build | Monastery |
| 19:10 | Build | University |
| 19:30 | Create | Villager (Male) |
| 19:31 | Create | Villager (Male) |
| 19:48 | Create | Monk |
| 20:04 | Create | Villager (Male) |
| 20:04 | Create | Villager (Male) |
| 20:04 | Create | Villager (Male) |
| 20:21 | Build | Farm |
| 21:29 | Build | Lumber Camp |
| 21:34 | Create | Villager (Male) |
| 21:56 | Research | Imperial Age |
| 22:22 | Build | Archery Range |
| 22:26 | Build | Archery Range |
| 22:37 | Create | Villager (Male) |
| 22:38 | Create | Villager (Male) |
| 22:38 | Create | Villager (Male) |
| 22:38 | Create | Villager (Male) |
| 22:38 | Create | Villager (Male) |
| 23:10 | Research | Heavy Plow |
| 23:29 | Research | Bow Saw |
| 23:57 | Build | Farm |
| 24:00 | Build | Farm |
| 24:03 | Build | Farm |
| 24:15 | Create | Villager (Male) |
| 24:15 | Create | Villager (Male) |
| 24:16 | Create | Villager (Male) |
| 24:16 | Create | Villager (Male) |
| 24:24 | Build | Farm |
| 24:27 | Build | Farm |
| 24:43 | Build | Archery Range |
| 25:06 | Age | Imperial Age |
| 25:13 | Build | House |
| 25:14 | Build | House |
| 25:16 | Build | House |
| 25:17 | Build | House |
| 25:20 | Build | House |
| 25:21 | Build | House |
| 25:22 | Build | House |
| 25:23 | Build | House |
| 25:29 | Create | Villager (Male) |
| 25:34 | Build | Archery Range |
| 25:41 | Research | Chemistry |
| 26:05 | Create | Monk |
| 26:17 | Build | Siege Workshop |
| 26:28 | Create | Villager (Male) |
| 26:28 | Create | Villager (Male) |
| 26:30 | Research | Wheelbarrow |
| 26:37 | Create | Villager (Male) |
| 26:37 | Create | Villager (Male) |
| 27:01 | Build | Archery Range |
| 27:22 | Create | Hand Cannoneer |
| 27:23 | Create | Hand Cannoneer |
| 27:23 | Create | Hand Cannoneer |
| 27:25 | Create | Hand Cannoneer |
| 27:44 | Create | Bombard Cannon |
| 27:49 | Build | Lumber Camp |
| 27:51 | Create | Hand Cannoneer |
| 27:54 | Create | Hand Cannoneer |
| 27:54 | Create | Hand Cannoneer |
| 27:54 | Create | Hand Cannoneer |
| 27:54 | Create | Hand Cannoneer |
| 27:55 | Create | Hand Cannoneer |
| 27:55 | Create | Hand Cannoneer |
| 28:20 | Create | Villager (Male) |
| 28:39 | Create | Hand Cannoneer |
| 28:39 | Create | Hand Cannoneer |
| 28:40 | Create | Hand Cannoneer |
Build order — xdmastorx
125 actions detected in the replay
| 0:03 | Create | Villager (Male) |
| 0:03 | Create | Villager (Male) |
| 0:03 | Research | Loom |
| 0:04 | Create | Villager (Male) |
| 0:04 | Create | Villager (Male) |
| 0:07 | Build | House |
| 0:08 | Build | House |
| 0:49 | Build | House |
| 1:33 | Create | Villager (Male) |
| 1:52 | Build | Lumber Camp |
| 2:06 | Create | Villager (Male) |
| 2:10 | Create | Villager (Male) |
| 2:33 | Create | Villager (Male) |
| 3:25 | Create | Villager (Male) |
| 3:25 | Create | Villager (Male) |
| 3:59 | Create | Villager (Male) |
| 3:59 | Create | Villager (Male) |
| 4:39 | Create | Villager (Male) |
| 4:39 | Create | Villager (Male) |
| 4:40 | Create | Villager (Male) |
| 4:56 | Create | Villager (Male) |
| 4:57 | Create | Villager (Male) |
| 4:57 | Create | Villager (Male) |
| 5:08 | Create | Villager (Male) |
| 5:46 | Create | Villager (Male) |
| 5:47 | Create | Villager (Male) |
| 5:51 | Create | Villager (Male) |
| 5:59 | Build | House |
| 6:03 | Build | House |
| 6:50 | Build | Mill |
| 7:23 | Build | Mining Camp |
| 7:31 | Create | Villager (Male) |
| 7:51 | Create | Villager (Male) |
| 8:41 | Create | Villager (Male) |
| 8:51 | Research | Feudal Age |
| 8:51 | Research | Feudal Age |
| 8:57 | Build | Barracks |
| 8:59 | Build | House |
| 10:09 | Build | House |
| 10:13 | Create | Villager (Male) |
| 10:16 | Research | Loom |
| 10:16 | Create | Villager (Male) |
| 10:16 | Create | Villager (Male) |
| 10:42 | Build | Lumber Camp |
| 11:03 | Create | Villager (Male) |
| 11:49 | Age | Feudal Age |
| 11:56 | Build | Outpost |
| 12:01 | Create | Spearman |
| 12:02 | Create | Villager (Male) |
| 12:03 | Create | Villager (Male) |
| 12:11 | Research | Double-Bit Axe |
| 12:18 | Build | Archery Range |
| 12:57 | Build | Farm |
| 13:17 | Create | Archer |
| 13:18 | Create | Archer |
| 13:18 | Create | Archer |
| 13:19 | Create | Archer |
| 13:34 | Build | Farm |
| 13:37 | Build | Farm |
| 13:39 | Build | Farm |
| 13:42 | Research | Horse Collar |
| 13:54 | Build | Outpost |
| 13:59 | Build | Farm |
| 14:02 | Create | Villager (Male) |
| 14:43 | Build | Farm |
| 14:45 | Create | Villager (Male) |
| 15:00 | Build | House |
| 15:01 | Build | House |
| 15:16 | Build | Farm |
| 15:20 | Build | Farm |
| 15:25 | Build | Farm |
| 15:30 | Create | Villager (Male) |
| 16:05 | Build | Mining Camp |
| 16:09 | Build | Farm |
| 16:16 | Build | Lumber Camp |
| 16:26 | Build | Farm |
| 16:33 | Create | Villager (Male) |
| 16:33 | Create | Villager (Male) |
| 16:48 | Create | Archer |
| 16:48 | Create | Archer |
| 17:25 | Build | Market |
| 17:31 | Build | Farm |
| 17:32 | Create | Villager (Male) |
| 17:33 | Create | Villager (Male) |
| 18:31 | Build | Blacksmith |
| 18:32 | Build | House |
| 18:33 | Build | House |
| 18:37 | Create | Villager (Male) |
| 18:38 | Create | Villager (Male) |
| 18:40 | Research | Castle Age |
| 19:57 | Build | Farm |
| 19:57 | Build | Farm |
| 20:00 | Research | Fletching |
| 21:03 | Create | Villager (Male) |
| 21:04 | Create | Villager (Male) |
| 21:21 | Age | Castle Age |
| 21:29 | Research | Crossbowman (upgrade) |
| 21:44 | Create | Villager (Male) |
| 21:51 | Build | Stable |
| 22:03 | Build | Siege Workshop |
| 22:07 | Build | House |
| 22:12 | Create | Archer |
| 22:12 | Create | Archer |
| 22:12 | Create | Archer |
| 22:13 | Create | Archer |
| 22:13 | Create | Archer |
| 22:28 | Research | Scale Mail Armor |
| 22:34 | Research | Bodkin Arrow |
| 22:36 | Create | Villager (Male) |
| 22:36 | Create | Villager (Male) |
| 22:42 | Build | Town Center |
| 22:47 | Create | Mangonel |
| 22:48 | Create | Mangonel |
| 22:54 | Create | Camel Scout |
| 22:54 | Create | Camel Scout |
| 23:31 | Create | Scorpion |
| 24:12 | Build | Stable |
| 24:16 | Build | Stone Wall |
| 24:34 | Create | Archer |
| 24:35 | Create | Archer |
| 24:35 | Create | Archer |
| 24:35 | Create | Archer |
| 24:35 | Create | Archer |
| 24:36 | Create | Archer |
| 24:36 | Create | Archer |
Build order — uahdrom esipsed i (DY-G)
First 150 of 340 actions detected
| 0:02 | Build | House |
| 0:03 | Create | Villager (Male) |
| 0:03 | Create | Villager (Male) |
| 0:04 | Build | House |
| 0:38 | Create | Villager (Male) |
| 0:39 | Create | Villager (Male) |
| 1:29 | Create | Villager (Male) |
| 1:29 | Create | Villager (Male) |
| 2:06 | Create | Villager (Male) |
| 2:07 | Create | Villager (Male) |
| 2:11 | Build | Lumber Camp |
| 2:28 | Create | Villager (Male) |
| 2:28 | Create | Villager (Male) |
| 2:36 | Build | House |
| 2:38 | Build | House |
| 2:56 | Create | Villager (Male) |
| 2:56 | Create | Villager (Male) |
| 2:56 | Create | Villager (Male) |
| 3:44 | Create | Villager (Male) |
| 3:44 | Create | Villager (Male) |
| 4:27 | Create | Villager (Male) |
| 4:55 | Create | Villager (Male) |
| 4:55 | Create | Villager (Male) |
| 5:22 | Create | Villager (Male) |
| 5:23 | Create | Villager (Male) |
| 5:33 | Build | Mill |
| 6:00 | Create | Villager (Male) |
| 6:34 | Create | Villager (Male) |
| 6:50 | Build | Mining Camp |
| 6:54 | Create | Villager (Male) |
| 7:29 | Research | Loom |
| 7:34 | Research | Feudal Age |
| 7:34 | Research | Feudal Age |
| 8:20 | Build | House |
| 8:25 | Build | House |
| 8:26 | Build | House |
| 8:41 | Build | Palisade Wall |
| 9:40 | Create | Villager (Male) |
| 10:08 | Age | Feudal Age |
| 10:13 | Build | Market |
| 10:26 | Create | Villager (Male) |
| 10:53 | Create | Villager (Male) |
| 11:22 | Create | Villager (Male) |
| 11:39 | Build | Blacksmith |
| 11:47 | Create | Villager (Male) |
| 12:23 | Research | Castle Age |
| 12:23 | Research | Castle Age |
| 12:48 | Build | Mining Camp |
| 14:21 | Research | Fletching |
| 14:22 | Research | Fletching |
| 14:44 | Create | Villager (Male) |
| 15:03 | Age | Castle Age |
| 15:04 | Build | Castle |
| 15:09 | Build | Palisade Wall |
| 15:18 | Build | House |
| 15:21 | Build | House |
| 15:26 | Build | Palisade Wall |
| 15:27 | Build | Palisade Wall |
| 15:38 | Create | Villager (Male) |
| 15:46 | Build | House |
| 15:47 | Build | House |
| 15:49 | Build | House |
| 15:50 | Build | House |
| 15:55 | Build | Palisade Wall |
| 15:56 | Build | Palisade Wall |
| 15:57 | Build | Palisade Wall |
| 16:08 | Create | Ratha (Ranged) |
| 16:08 | Create | Ratha (Ranged) |
| 16:42 | Build | Mining Camp |
| 16:43 | Create | Villager (Male) |
| 16:44 | Create | Villager (Male) |
| 16:47 | Create | Ratha (Ranged) |
| 16:47 | Create | Ratha (Ranged) |
| 17:36 | Create | Ratha (Ranged) |
| 17:36 | Create | Ratha (Ranged) |
| 18:17 | Research | Bodkin Arrow |
| 18:17 | Research | Bodkin Arrow |
| 18:29 | Create | Ratha (Ranged) |
| 18:30 | Create | Ratha (Ranged) |
| 18:49 | Create | Ratha (Ranged) |
| 18:49 | Create | Ratha (Ranged) |
| 19:49 | Build | Siege Workshop |
| 20:10 | Create | Ratha (Ranged) |
| 20:10 | Create | Ratha (Ranged) |
| 20:24 | Create | Armored Elephant |
| 20:24 | Create | Armored Elephant |
| 20:27 | Create | Ratha (Ranged) |
| 20:28 | Create | Ratha (Ranged) |
| 20:44 | Create | Ratha (Ranged) |
| 21:13 | Build | House |
| 21:25 | Create | Armored Elephant |
| 22:21 | Create | Ratha (Ranged) |
| 22:21 | Create | Ratha (Ranged) |
| 22:39 | Create | Ratha (Ranged) |
| 22:39 | Create | Ratha (Ranged) |
| 22:48 | Create | Villager (Male) |
| 22:48 | Create | Villager (Male) |
| 23:12 | Create | Ratha (Ranged) |
| 23:12 | Create | Ratha (Ranged) |
| 23:30 | Research | Padded Archer Armor |
| 24:16 | Create | Ratha (Ranged) |
| 24:16 | Create | Ratha (Ranged) |
| 24:32 | Create | Villager (Male) |
| 24:33 | Create | Villager (Male) |
| 24:33 | Create | Villager (Male) |
| 24:42 | Create | Ratha (Ranged) |
| 24:42 | Create | Ratha (Ranged) |
| 24:55 | Research | Leather Archer Armor |
| 24:55 | Research | Leather Archer Armor |
| 25:24 | Create | Ratha (Ranged) |
| 25:24 | Create | Ratha (Ranged) |
| 25:39 | Create | Ratha (Ranged) |
| 26:12 | Create | Ratha (Ranged) |
| 26:12 | Create | Ratha (Ranged) |
| 26:19 | Build | Mill |
| 26:22 | Create | Ratha (Ranged) |
| 26:34 | Create | Villager (Male) |
| 26:35 | Create | Villager (Male) |
| 26:42 | Build | Farm |
| 26:42 | Build | Farm |
| 26:42 | Build | Farm |
| 26:43 | Build | Farm |
| 26:43 | Build | Farm |
| 26:43 | Build | Farm |
| 26:43 | Build | Farm |
| 26:44 | Build | Farm |
| 27:04 | Create | Ratha (Ranged) |
| 27:04 | Create | Ratha (Ranged) |
| 27:10 | Create | Villager (Male) |
| 27:10 | Create | Villager (Male) |
| 27:16 | Build | Farm |
| 27:27 | Research | Horse Collar |
| 27:27 | Research | Horse Collar |
| 28:02 | Create | Ratha (Ranged) |
| 28:02 | Create | Ratha (Ranged) |
| 28:04 | Create | Villager (Male) |
| 28:04 | Create | Villager (Male) |
| 28:05 | Create | Villager (Male) |
| 28:05 | Create | Villager (Male) |
| 28:05 | Create | Villager (Male) |
| 28:13 | Build | Farm |
| 28:13 | Build | Farm |
| 28:13 | Build | Farm |
| 28:13 | Build | Farm |
| 28:14 | Build | Farm |
| 28:14 | Build | Farm |
| 28:14 | Build | Farm |
| 28:14 | Build | Farm |
| 28:15 | Build | Farm |
| 28:15 | Build | Farm |
Build order — Lilbalayya
First 150 of 1219 actions detected
| 0:01 | Research | Loom |
| 0:02 | Create | Villager (Male) ×4 |
| 0:02 | Create | Villager (Male) ×4 |
| 0:02 | Create | Villager (Male) ×4 |
| 0:02 | Create | Villager (Male) ×4 |
| 0:03 | Build | House |
| 0:07 | Build | House |
| 1:42 | Create | Villager (Male) |
| 2:07 | Create | Villager (Male) |
| 2:07 | Create | Villager (Male) |
| 2:08 | Create | Villager (Male) |
| 2:08 | Create | Villager (Male) |
| 2:18 | Build | Lumber Camp |
| 2:27 | Create | Villager (Male) |
| 2:27 | Create | Villager (Male) |
| 2:27 | Create | Villager (Male) |
| 2:57 | Create | Villager (Male) |
| 2:58 | Create | Villager (Male) |
| 3:17 | Create | Villager (Male) |
| 3:17 | Create | Villager (Male) |
| 3:17 | Create | Villager (Male) |
| 3:53 | Build | House |
| 3:59 | Create | Villager (Male) |
| 3:59 | Create | Villager (Male) |
| 3:59 | Create | Villager (Male) |
| 4:28 | Create | Villager (Male) |
| 4:28 | Create | Villager (Male) |
| 4:48 | Create | Villager (Male) |
| 4:48 | Create | Villager (Male) |
| 4:48 | Create | Villager (Male) |
| 5:09 | Create | Villager (Male) |
| 5:09 | Create | Villager (Male) |
| 5:09 | Create | Villager (Male) |
| 5:33 | Create | Villager (Male) |
| 5:33 | Create | Villager (Male) |
| 5:34 | Create | Villager (Male) |
| 5:34 | Create | Villager (Male) |
| 5:50 | Create | Villager (Male) |
| 5:50 | Create | Villager (Male) |
| 5:50 | Create | Villager (Male) |
| 5:50 | Create | Villager (Male) |
| 5:54 | Build | House |
| 6:01 | Create | Villager (Male) |
| 6:02 | Create | Villager (Male) |
| 6:02 | Create | Villager (Male) |
| 6:27 | Create | Villager (Male) |
| 6:28 | Build | Mill |
| 6:57 | Create | Villager (Male) |
| 6:57 | Create | Villager (Male) |
| 6:57 | Create | Villager (Male) |
| 6:57 | Create | Villager (Male) |
| 7:05 | Build | House |
| 7:22 | Build | Barracks |
| 7:25 | Create | Villager (Male) |
| 7:25 | Create | Villager (Male) |
| 7:26 | Create | Villager (Male) |
| 7:40 | Create | Villager (Male) |
| 7:41 | Create | Villager (Male) |
| 7:41 | Create | Villager (Male) |
| 8:50 | Build | Mining Camp |
| 8:54 | Build | House |
| 8:58 | Research | Feudal Age |
| 9:33 | Create | Villager (Male) |
| 9:33 | Create | Villager (Male) |
| 9:38 | Create | Villager (Male) |
| 11:05 | Build | Farm |
| 11:05 | Build | Farm |
| 11:05 | Build | Farm |
| 11:06 | Build | Farm |
| 11:06 | Build | Farm |
| 11:06 | Build | Farm |
| 11:07 | Build | Farm |
| 11:07 | Build | Farm |
| 11:07 | Build | Farm |
| 11:13 | Build | Farm |
| 11:13 | Build | Farm |
| 11:15 | Build | Farm |
| 11:15 | Build | Farm |
| 11:16 | Build | Farm |
| 11:16 | Build | Farm |
| 11:21 | Age | Feudal Age |
| 11:29 | Build | Blacksmith |
| 11:37 | Build | Blacksmith |
| 11:51 | Build | Market |
| 11:54 | Create | Villager (Male) |
| 12:02 | Build | Farm |
| 12:03 | Build | Farm |
| 12:03 | Build | Farm |
| 12:03 | Build | Farm |
| 12:23 | Build | House |
| 12:31 | Build | Farm |
| 12:31 | Build | Farm |
| 12:32 | Build | Farm |
| 13:04 | Build | Farm |
| 13:05 | Build | Farm |
| 13:05 | Build | Farm |
| 13:06 | Create | Villager (Male) |
| 13:36 | Build | Farm |
| 13:37 | Build | Farm |
| 13:37 | Build | Farm |
| 13:54 | Create | Villager (Male) |
| 14:14 | Research | Castle Age |
| 14:15 | Research | Castle Age |
| 14:15 | Research | Castle Age |
| 14:30 | Build | Mining Camp |
| 14:56 | Research | Double-Bit Axe |
| 15:15 | Research | Horse Collar |
| 16:00 | Research | Gold Mining |
| 16:02 | Research | Stone Mining |
| 16:15 | Create | Villager (Male) |
| 16:32 | Build | Lumber Camp |
| 16:59 | Age | Castle Age |
| 17:01 | Create | Villager (Male) |
| 17:03 | Research | Bow Saw |
| 17:13 | Create | Villager (Male) |
| 17:43 | Create | Villager (Male) |
| 17:50 | Create | Villager (Male) |
| 18:04 | Build | Town Center |
| 18:11 | Create | Villager (Male) |
| 18:33 | Research | Heavy Plow |
| 18:48 | Create | Villager (Male) |
| 18:48 | Create | Villager (Male) |
| 19:12 | Build | Town Center |
| 19:15 | Create | Villager (Male) |
| 19:15 | Create | Villager (Male) |
| 19:16 | Create | Villager (Male) |
| 19:16 | Create | Villager (Male) |
| 19:16 | Create | Villager (Male) |
| 19:26 | Build | Farm |
| 19:26 | Build | Farm |
| 19:26 | Build | Farm |
| 19:27 | Build | Farm |
| 19:27 | Build | Farm |
| 19:27 | Build | Farm |
| 19:28 | Build | Farm |
| 19:38 | Build | Farm |
| 19:39 | Create | Villager (Male) |
| 19:39 | Create | Villager (Male) |
| 19:46 | Build | Farm |
| 20:11 | Create | Villager (Male) |
| 20:12 | Create | Villager (Male) |
| 20:12 | Create | Villager (Male) |
| 20:12 | Create | Villager (Male) |
| 20:18 | Build | Town Center |
| 20:28 | Build | Farm |
| 20:29 | Create | Villager (Male) |
| 20:29 | Create | Villager (Male) |
| 20:34 | Create | Villager (Male) |
| 20:34 | Create | Villager (Male) |
| 20:34 | Create | Villager (Male) |
Build order — MA
First 150 of 545 actions detected
| 0:01 | Create | Villager (Male) |
| 0:02 | Create | Villager (Male) |
| 0:02 | Create | Villager (Male) |
| 0:03 | Build | House |
| 0:05 | Build | House |
| 0:08 | Create | Villager (Male) |
| 0:08 | Create | Villager (Male) |
| 0:28 | Research | Loom |
| 1:39 | Create | Villager (Male) |
| 1:39 | Create | Villager (Male) |
| 2:05 | Create | Villager (Male) |
| 2:05 | Create | Villager (Male) |
| 2:10 | Create | Villager (Male) |
| 2:10 | Create | Villager (Male) |
| 2:10 | Create | Villager (Male) |
| 2:36 | Create | Villager (Male) |
| 2:37 | Create | Villager (Male) |
| 3:05 | Create | Villager (Male) |
| 3:06 | Create | Villager (Male) |
| 3:06 | Create | Villager (Male) |
| 3:43 | Build | House |
| 3:44 | Create | Villager (Male) |
| 3:54 | Create | Villager (Male) |
| 3:54 | Create | Villager (Male) |
| 3:59 | Build | House |
| 4:34 | Create | Villager (Male) |
| 4:34 | Create | Villager (Male) |
| 4:34 | Create | Villager (Male) |
| 4:35 | Create | Villager (Male) |
| 5:27 | Create | Villager (Male) |
| 5:27 | Create | Villager (Male) |
| 5:38 | Create | Villager (Male) |
| 5:38 | Create | Villager (Male) |
| 5:38 | Create | Villager (Male) |
| 5:46 | Create | Villager (Male) |
| 5:46 | Create | Villager (Male) |
| 5:51 | Build | House |
| 6:14 | Create | Villager (Male) |
| 6:14 | Create | Villager (Male) |
| 6:14 | Create | Villager (Male) |
| 6:32 | Build | Mill |
| 6:58 | Create | Villager (Male) |
| 6:58 | Create | Villager (Male) |
| 6:59 | Create | Villager (Male) |
| 7:40 | Build | Lumber Camp |
| 8:13 | Create | Villager (Male) |
| 8:39 | Build | Mining Camp |
| 9:01 | Research | Feudal Age |
| 10:17 | Build | Farm |
| 10:17 | Build | Farm |
| 10:17 | Build | Farm |
| 10:17 | Build | Farm |
| 10:18 | Build | Farm |
| 10:18 | Build | Farm |
| 10:19 | Build | Farm |
| 11:43 | Build | House |
| 11:44 | Build | House |
| 11:45 | Build | House |
| 11:48 | Create | Villager (Male) |
| 11:48 | Create | Villager (Male) |
| 11:49 | Create | Villager (Male) |
| 11:49 | Create | Villager (Male) |
| 11:50 | Create | Villager (Male) |
| 11:51 | Create | Villager (Male) |
| 11:51 | Create | Villager (Male) |
| 11:51 | Create | Villager (Male) |
| 11:52 | Create | Villager (Male) |
| 11:52 | Create | Villager (Male) |
| 12:12 | Age | Feudal Age |
| 12:17 | Build | Market |
| 12:22 | Build | Blacksmith |
| 12:25 | Build | Farm |
| 12:34 | Research | Horse Collar |
| 12:36 | Research | Double-Bit Axe |
| 12:51 | Build | Farm |
| 13:39 | Build | Farm |
| 13:44 | Build | Farm |
| 13:48 | Build | Farm |
| 13:57 | Build | Farm |
| 14:05 | Build | House |
| 14:08 | Build | House |
| 14:30 | Build | Mining Camp |
| 14:52 | Build | Farm |
| 15:18 | Research | Castle Age |
| 15:32 | Build | Barracks |
| 15:47 | Research | Stone Mining |
| 15:47 | Research | Stone Mining |
| 17:29 | Create | Villager (Male) |
| 17:29 | Create | Villager (Male) |
| 17:29 | Create | Villager (Male) |
| 17:30 | Create | Villager (Male) |
| 17:30 | Create | Villager (Male) |
| 17:30 | Create | Villager (Male) |
| 17:30 | Create | Villager (Male) |
| 17:32 | Create | Villager (Male) |
| 17:32 | Create | Villager (Male) |
| 17:34 | Create | Villager (Male) |
| 17:34 | Create | Villager (Male) |
| 17:35 | Create | Villager (Male) |
| 17:35 | Create | Villager (Male) |
| 17:40 | Create | Villager (Male) |
| 17:41 | Create | Villager (Male) |
| 17:58 | Age | Castle Age |
| 18:00 | Build | Town Center |
| 18:20 | Build | Town Center |
| 18:44 | Research | Bow Saw |
| 18:56 | Create | Villager (Male) |
| 18:56 | Create | Villager (Male) |
| 18:57 | Create | Villager (Male) |
| 18:57 | Create | Villager (Male) |
| 18:57 | Create | Villager (Male) |
| 19:26 | Create | Spearman |
| 19:27 | Create | Spearman |
| 20:07 | Build | Stable |
| 20:10 | Create | Villager (Male) |
| 20:11 | Create | Villager (Male) |
| 20:38 | Create | Villager (Male) |
| 20:39 | Create | Villager (Male) |
| 20:39 | Create | Villager (Male) |
| 20:39 | Create | Villager (Male) |
| 20:39 | Create | Villager (Male) |
| 20:40 | Create | Villager (Male) |
| 21:07 | Build | Siege Workshop |
| 21:11 | Create | Knight |
| 21:12 | Create | Knight |
| 21:16 | Create | Knight |
| 21:32 | Create | Knight |
| 21:39 | Build | Stable |
| 21:43 | Create | Villager (Male) |
| 21:43 | Create | Villager (Male) |
| 21:44 | Create | Villager (Male) |
| 21:57 | Build | Town Center |
| 22:05 | Create | Knight |
| 22:41 | Research | Husbandry |
| 23:18 | Create | Villager (Male) |
| 23:18 | Create | Villager (Male) |
| 23:19 | Create | Villager (Male) |
| 23:19 | Create | Villager (Male) |
| 23:26 | Build | Farm |
| 23:31 | Create | Villager (Male) |
| 23:32 | Create | Villager (Male) |
| 23:32 | Create | Villager (Male) |
| 23:36 | Build | Farm |
| 23:41 | Create | Villager (Male) |
| 23:41 | Create | Villager (Male) |
| 23:50 | Create | Villager (Male) |
| 23:50 | Create | Villager (Male) |
| 23:51 | Create | Villager (Male) |
| 23:51 | Create | Villager (Male) |
| 23:51 | Create | Villager (Male) |
Build order — 546308830
First 150 of 311 actions detected
| 0:05 | Create | Villager (Male) |
| 0:05 | Create | Villager (Male) |
| 0:05 | Create | Villager (Male) |
| 0:05 | Create | Villager (Male) |
| 0:11 | Build | House |
| 1:26 | Build | House |
| 1:26 | Build | House |
| 1:27 | Build | House |
| 1:53 | Create | Villager (Male) |
| 1:53 | Create | Villager (Male) |
| 2:11 | Create | Villager (Male) |
| 2:11 | Create | Villager (Male) |
| 2:41 | Create | Villager (Male) |
| 2:41 | Create | Villager (Male) |
| 3:07 | Build | Lumber Camp |
| 3:20 | Create | Villager (Male) |
| 3:20 | Create | Villager (Male) |
| 3:20 | Create | Villager (Male) |
| 3:32 | Create | Villager (Male) |
| 3:33 | Create | Villager (Male) |
| 4:13 | Create | Villager (Male) |
| 4:13 | Create | Villager (Male) |
| 4:45 | Create | Villager (Male) |
| 4:46 | Create | Villager (Male) |
| 4:46 | Create | Villager (Male) |
| 5:46 | Create | Villager (Male) |
| 5:53 | Create | Villager (Male) |
| 6:24 | Create | Villager (Male) |
| 6:25 | Create | Villager (Male) |
| 6:48 | Create | Villager (Male) |
| 6:48 | Create | Villager (Male) |
| 6:48 | Create | Villager (Male) |
| 6:51 | Build | Mill |
| 7:25 | Create | Villager (Male) |
| 8:08 | Build | Mining Camp |
| 8:30 | Research | Feudal Age |
| 8:48 | Build | Lumber Camp |
| 8:51 | Build | House |
| 9:34 | Build | House |
| 10:25 | Create | Villager (Male) |
| 10:55 | Age | Feudal Age |
| 10:57 | Create | Villager (Male) |
| 10:59 | Build | Blacksmith |
| 11:10 | Build | Market |
| 11:23 | Build | Farm |
| 11:41 | Create | Villager (Male) |
| 12:11 | Build | Mining Camp |
| 12:14 | Research | Castle Age |
| 12:43 | Research | Double-Bit Axe |
| 12:47 | Research | Stone Mining |
| 13:01 | Build | House |
| 13:17 | Build | Farm |
| 13:41 | Create | Villager (Male) |
| 14:11 | Create | Villager (Male) |
| 14:31 | Research | Horse Collar |
| 14:36 | Build | Farm |
| 14:54 | Age | Castle Age |
| 14:55 | Create | Villager (Male) |
| 15:34 | Build | Castle |
| 15:58 | Create | Villager (Male) |
| 15:59 | Create | Villager (Male) |
| 16:09 | Build | Farm |
| 16:10 | Build | Farm |
| 16:15 | Build | Farm |
| 16:44 | Build | Stone Wall |
| 17:12 | Build | Stone Wall |
| 17:17 | Create | Villager (Male) |
| 17:18 | Create | Villager (Male) |
| 17:18 | Create | Villager (Male) |
| 17:18 | Create | Villager (Male) |
| 17:21 | Research | Loom |
| 17:49 | Build | Farm |
| 18:00 | Build | Siege Workshop |
| 18:05 | Create | Villager (Male) |
| 18:17 | Build | Town Center |
| 18:24 | Research | Gold Mining |
| 19:05 | Build | University |
| 19:12 | Build | Farm |
| 19:35 | Create | Mangonel |
| 20:04 | Create | Villager (Male) |
| 20:04 | Create | Villager (Male) |
| 20:04 | Create | Villager (Male) |
| 20:05 | Create | Villager (Male) |
| 20:09 | Build | Farm |
| 20:25 | Create | Villager (Male) |
| 20:26 | Create | Villager (Male) |
| 20:31 | Create | Villager (Male) |
| 20:31 | Create | Villager (Male) |
| 20:35 | Build | Farm |
| 20:40 | Build | Farm |
| 20:41 | Build | Farm |
| 20:44 | Build | Farm |
| 20:50 | Create | Villager (Male) |
| 20:51 | Create | Villager (Male) |
| 20:58 | Build | House |
| 21:28 | Build | Farm |
| 21:39 | Build | Farm |
| 22:29 | Create | Genoese Crossbowman |
| 22:29 | Create | Genoese Crossbowman |
| 22:30 | Create | Genoese Crossbowman |
| 22:37 | Research | Fletching |
| 22:59 | Build | House |
| 23:41 | Create | Genoese Crossbowman |
| 23:41 | Create | Genoese Crossbowman |
| 23:58 | Create | Genoese Crossbowman |
| 24:30 | Create | Villager (Male) |
| 24:30 | Create | Villager (Male) |
| 24:51 | Build | Stone Wall |
| 25:02 | Create | Villager (Male) |
| 25:23 | Research | Padded Archer Armor |
| 25:23 | Research | Bodkin Arrow |
| 25:30 | Create | Genoese Crossbowman |
| 25:30 | Create | Genoese Crossbowman |
| 25:31 | Create | Genoese Crossbowman |
| 25:31 | Create | Genoese Crossbowman |
| 26:23 | Build | Castle |
| 26:40 | Create | Genoese Crossbowman |
| 26:40 | Create | Genoese Crossbowman |
| 27:10 | Create | Villager (Male) |
| 27:11 | Create | Villager (Male) |
| 28:03 | Create | Genoese Crossbowman |
| 29:08 | Create | Genoese Crossbowman ×5 |
| 29:08 | Create | Genoese Crossbowman ×5 |
| 29:08 | Create | Genoese Crossbowman ×5 |
| 29:18 | Create | Villager (Male) |
| 29:18 | Create | Villager (Male) |
| 29:19 | Create | Villager (Male) |
| 29:19 | Create | Villager (Male) |
| 29:19 | Create | Villager (Male) |
| 29:20 | Create | Villager (Male) |
| 29:29 | Build | Farm |
| 29:49 | Build | Farm |
| 30:46 | Create | Villager (Male) |
| 30:58 | Create | Villager (Male) |
| 31:00 | Create | Villager (Male) |
| 31:18 | Build | Farm |
| 31:19 | Build | Farm |
| 31:21 | Build | Farm |
| 32:14 | Research | Imperial Age |
| 33:27 | Build | Town Center |
| 34:21 | Build | Farm |
| 34:23 | Build | Farm |
| 34:46 | Create | Mangonel |
| 35:24 | Age | Imperial Age |
| 35:28 | Create | Villager (Male) |
| 35:28 | Create | Villager (Male) |
| 35:31 | Create | Villager (Male) |
| 35:31 | Create | Villager (Male) |
| 35:32 | Create | Villager (Male) |
| 35:32 | Create | Villager (Male) |
Build order — 买麻衣也用劵
First 150 of 225 actions detected
| 0:06 | Build | House |
| 0:09 | Build | House |
| 0:11 | Create | Villager (Male) ×4 |
| 1:49 | Create | Villager (Male) |
| 1:58 | Build | Mule Cart |
| 2:23 | Create | Villager (Male) |
| 2:52 | Create | Villager (Male) |
| 3:30 | Create | Villager (Male) |
| 4:35 | Create | Villager (Male) ×3 |
| 4:50 | Build | House |
| 5:12 | Create | Villager (Male) ×3 |
| 5:34 | Build | Mill |
| 6:00 | Create | Villager (Male) |
| 7:10 | Build | House |
| 7:40 | Create | Villager (Male) ×5 |
| 8:10 | Build | Farm |
| 8:33 | Build | Farm |
| 8:44 | Build | House |
| 8:55 | Create | Villager (Male) |
| 9:00 | Build | Farm |
| 9:24 | Build | Farm |
| 9:54 | Research | Feudal Age |
| 9:58 | Build | Mule Cart |
| 11:44 | Create | Villager (Male) |
| 11:44 | Create | Villager (Male) |
| 12:20 | Age | Feudal Age |
| 12:23 | Build | Market |
| 12:28 | Build | Blacksmith |
| 12:47 | Build | House |
| 13:04 | Research | Double-Bit Axe |
| 13:20 | Research | Castle Age |
| 13:42 | Research | Horse Collar |
| 14:16 | Research | Stone Mining |
| 15:52 | Create | Villager (Male) |
| 15:53 | Create | Villager (Male) |
| 16:00 | Age | Castle Age |
| 16:06 | Build | Town Center |
| 16:16 | Build | Town Center |
| 16:53 | Create | Villager (Male) |
| 16:54 | Create | Villager (Male) |
| 17:00 | Build | Farm |
| 17:01 | Build | Farm |
| 17:02 | Build | Farm |
| 17:03 | Build | Farm |
| 17:28 | Build | Farm |
| 17:37 | Create | Villager (Male) ×5 |
| 17:59 | Create | Villager (Male) ×5 |
| 18:12 | Build | Farm |
| 18:19 | Create | Villager (Male) ×3 |
| 18:34 | Build | Farm |
| 18:41 | Build | Farm |
| 18:47 | Create | Villager (Male) |
| 18:57 | Create | Villager (Male) |
| 19:04 | Build | Farm |
| 19:13 | Build | House |
| 19:25 | Build | House |
| 19:29 | Build | House |
| 19:30 | Build | House |
| 19:39 | Build | Monastery |
| 19:46 | Build | House |
| 19:56 | Build | Farm |
| 20:00 | Build | Farm |
| 20:09 | Create | Villager (Male) ×5 |
| 20:11 | Create | Villager (Male) |
| 20:21 | Build | Farm |
| 20:43 | Build | Monastery |
| 20:52 | Build | Mill |
| 21:11 | Build | Farm |
| 21:17 | Build | Farm |
| 21:18 | Build | Farm |
| 21:19 | Build | Farm |
| 21:26 | Build | Farm |
| 21:27 | Build | Farm |
| 21:30 | Create | Villager (Male) ×5 |
| 21:42 | Build | House |
| 21:43 | Build | House |
| 21:52 | Research | Bow Saw |
| 21:59 | Create | Villager (Male) ×2 |
| 22:04 | Build | Farm |
| 22:10 | Build | Farm |
| 22:14 | Build | Farm |
| 22:32 | Build | Monastery |
| 22:44 | Build | Monastery |
| 22:50 | Build | House |
| 22:51 | Build | House |
| 22:58 | Build | Farm |
| 23:01 | Build | Farm |
| 23:04 | Build | Farm |
| 23:07 | Build | Farm |
| 23:22 | Create | Villager (Male) ×5 |
| 23:26 | Create | Villager (Male) ×5 |
| 23:29 | Build | Farm |
| 23:32 | Build | House |
| 23:34 | Build | House |
| 23:38 | Build | Barracks |
| 24:12 | Build | Farm |
| 24:13 | Build | Farm |
| 24:20 | Create | Villager (Male) ×5 |
| 24:23 | Research | Stone Shaft Mining |
| 24:26 | Research | Gold Mining |
| 24:36 | Build | House |
| 24:37 | Build | House |
| 24:39 | Build | House |
| 24:45 | Build | Farm |
| 24:47 | Build | Farm |
| 25:04 | Build | Farm |
| 25:06 | Build | Farm |
| 25:15 | Build | Stable |
| 25:20 | Build | Castle |
| 25:32 | Build | Farm |
| 25:35 | Build | Farm |
| 25:39 | Create | Villager (Male) ×5 |
| 25:43 | Create | Villager (Male) ×5 |
| 25:52 | Research | Scale Barding Armor |
| 25:53 | Research | Forging |
| 26:09 | Build | Siege Workshop |
| 26:29 | Build | Mill |
| 26:39 | Create | Monaspa |
| 26:40 | Create | Monaspa |
| 26:45 | Research | Husbandry |
| 26:45 | Research | Bloodlines |
| 26:51 | Create | Villager (Male) ×5 |
| 27:13 | Create | Monaspa |
| 27:14 | Create | Monaspa |
| 27:18 | Research | Chain Barding Armor |
| 27:27 | Build | Farm |
| 27:28 | Build | Farm |
| 27:33 | Build | House |
| 27:34 | Build | House |
| 27:36 | Build | House |
| 27:40 | Create | Villager (Male) ×5 |
| 27:48 | Create | Monaspa |
| 27:49 | Create | Monaspa |
| 27:49 | Create | Monaspa |
| 27:51 | Create | Monaspa |
| 27:51 | Create | Monaspa |
| 28:23 | Research | Iron Casting |
| 28:28 | Create | Monaspa |
| 28:28 | Create | Monaspa |
| 28:48 | Create | Villager (Male) ×5 |
| 28:58 | Create | Villager (Male) ×5 |
| 29:04 | Create | Monaspa |
| 29:05 | Create | Monaspa |
| 29:15 | Build | Archery Range |
| 29:27 | Build | Mill |
| 29:35 | Create | Villager (Male) ×5 |
| 29:41 | Create | Knight |
| 29:42 | Create | Knight |
| 29:47 | Create | Monaspa |
| 29:48 | Create | Monaspa |
Match timeline
| 7:22 | Lilbalayya · first_building Barracks |
| 8:41 | uahdrom esipsed i (DY-G) · wall_segment Palisade Wall x1 |
| 8:57 | xdmastorx · first_building Barracks |
| 10:08 | uahdrom esipsed i (DY-G) · age_up feudal |
| 10:55 | 546308830 · age_up feudal |
| 11:13 | DJAKONDA · first_building Barracks |
| 11:21 | Lilbalayya · age_up feudal |
| 11:28 | DJAKONDA · age_up feudal |
| 11:49 | xdmastorx · age_up feudal |
| 12:09 | uahdrom esipsed i (DY-G) · first_market_sell 100 stone |
| 12:12 | MA · age_up feudal |
| 12:17 | uahdrom esipsed i (DY-G) · first_market_buy 100 food |
| 12:18 | xdmastorx · first_building Archery Range |
| 12:20 | 买麻衣也用劵 · age_up feudal |
| 13:09 | kangkang87 · age_up feudal |
| 14:09 | kangkang87 · first_building Barracks |
| 14:28 | DJAKONDA · first_market_buy 100 food |
| 14:54 | 546308830 · age_up castle |
| 15:03 | uahdrom esipsed i (DY-G) · age_up castle |
| 15:04 | uahdrom esipsed i (DY-G) · first_building Castle |
| 15:09 | uahdrom esipsed i (DY-G) · wall_segment Palisade Wall x1 |
| 15:26 | uahdrom esipsed i (DY-G) · wall_segment Palisade Wall x1 |
| 15:27 | uahdrom esipsed i (DY-G) · wall_segment Palisade Wall x1 |
| 15:32 | MA · first_building Barracks |
| 15:34 | 546308830 · first_building Castle |
| 15:55 | uahdrom esipsed i (DY-G) · wall_segment Palisade Wall x1 |
| 15:56 | uahdrom esipsed i (DY-G) · wall_segment Palisade Wall x1 |
| 15:57 | uahdrom esipsed i (DY-G) · wall_segment Palisade Wall x1 |
| 16:00 | 买麻衣也用劵 · age_up castle |
| 16:40 | kangkang87 · age_up castle |
| 16:44 | 546308830 · wall_segment Stone Wall x10 |
| 16:44 | kangkang87 · first_building Siege Workshop |
| 16:59 | Lilbalayya · age_up castle |
| 17:07 | 546308830 · first_market_buy 100 stone |
| 17:12 | 546308830 · wall_segment Stone Wall x7 |
| 17:58 | MA · age_up castle |
| 18:00 | 546308830 · first_building Siege Workshop |
| 18:48 | DJAKONDA · age_up castle |
| 19:04 | DJAKONDA · first_building Monastery |
| 19:39 | 买麻衣也用劵 · first_building Monastery |
| 19:49 | uahdrom esipsed i (DY-G) · first_building Siege Workshop |
| 20:07 | MA · first_building Stable |
| 21:07 | MA · first_building Siege Workshop |
| 21:21 | xdmastorx · age_up castle |
| 21:51 | xdmastorx · first_building Stable |
| 21:58 | xdmastorx · first_market_buy 100 wood |
| 22:03 | xdmastorx · first_building Siege Workshop |
| 22:22 | DJAKONDA · first_building Archery Range |
| 23:38 | 买麻衣也用劵 · first_building Barracks |
| 23:56 | Lilbalayya · first_building Castle |
| 24:16 | xdmastorx · wall_segment Stone Wall x1 |
| 24:51 | 546308830 · wall_segment Stone Wall x3 |
| 25:06 | DJAKONDA · age_up imperial |
| 25:09 | MA · first_building Castle |
| 25:15 | 买麻衣也用劵 · first_building Stable |
| 25:20 | 买麻衣也用劵 · first_building Castle |
| 26:09 | 买麻衣也用劵 · first_building Siege Workshop |
| 26:17 | DJAKONDA · first_building Siege Workshop |
| 26:46 | xdmastorx · resign |
| 28:46 | Lilbalayya · first_building Siege Workshop |
| 28:54 | MA · first_building Monastery |
| 29:15 | 买麻衣也用劵 · first_building Archery Range |
| 30:11 | MA · wall_segment Stone Wall x1 |
| 30:12 | MA · wall_segment Stone Wall x1 |
| 31:51 | Lilbalayya · age_up imperial |
| 32:37 | Lilbalayya · tribute_sent a jugador 1 |
| 32:37 | Lilbalayya · tribute_sent a jugador 2 |
| 32:37 | Lilbalayya · tribute_sent a jugador 3 |
| 32:37 | Lilbalayya · tribute_sent a jugador 5 |
| 32:37 | Lilbalayya · tribute_sent a jugador 6 |
| 32:37 | Lilbalayya · tribute_sent a jugador 7 |
| 32:37 | Lilbalayya · tribute_sent a jugador 8 |
| 33:21 | kangkang87 · first_building Castle |
| 34:18 | Lilbalayya · first_market_sell 500 wood |
| 35:16 | MA · age_up imperial |
| 35:19 | 买麻衣也用劵 · age_up imperial |
| 35:20 | MA · first_market_sell 100 wood |
| 35:24 | 546308830 · age_up imperial |
| 36:30 | 546308830 · wall_segment Stone Wall x10 |
| 37:13 | MA · wall_segment Stone Wall x1 |
| 37:13 | MA · wall_segment Stone Wall x1 |
| 37:20 | 546308830 · wall_segment Stone Wall x12 |
| 37:56 | 546308830 · wall_segment Stone Wall x10 |
| 38:15 | Lilbalayya · tribute_sent a jugador 1 |
| 38:15 | Lilbalayya · tribute_sent a jugador 2 |
| 38:15 | Lilbalayya · tribute_sent a jugador 3 |
| 38:15 | Lilbalayya · tribute_sent a jugador 5 |
| 38:15 | Lilbalayya · tribute_sent a jugador 6 |
| 38:15 | Lilbalayya · tribute_sent a jugador 7 |
| 38:15 | Lilbalayya · tribute_sent a jugador 8 |
| 38:26 | Lilbalayya · tribute_sent a jugador 1 |
| 38:26 | Lilbalayya · tribute_sent a jugador 2 |
| 38:26 | Lilbalayya · tribute_sent a jugador 3 |
| 38:26 | Lilbalayya · tribute_sent a jugador 5 |
| 38:26 | Lilbalayya · tribute_sent a jugador 6 |
| 38:26 | Lilbalayya · tribute_sent a jugador 7 |
| 38:26 | Lilbalayya · tribute_sent a jugador 8 |
| 38:50 | kangkang87 · age_up imperial |
| 38:59 | uahdrom esipsed i (DY-G) · wall_segment Stone Wall x4 |
| 39:08 | uahdrom esipsed i (DY-G) · wall_segment Stone Wall x3 |
| 39:19 | uahdrom esipsed i (DY-G) · wall_segment Stone Wall x4 |
| 39:20 | uahdrom esipsed i (DY-G) · wall_segment Stone Wall x6 |
| 39:42 | uahdrom esipsed i (DY-G) · wall_segment Stone Wall x1 |
| 39:50 | uahdrom esipsed i (DY-G) · wall_segment Stone Wall x2 |
| 40:18 | 546308830 · first_building Barracks |
| 40:34 | MA · wall_segment Stone Wall x1 |
| 44:24 | uahdrom esipsed i (DY-G) · wall_segment Stone Wall x1 |
| 46:36 | Lilbalayya · tribute_sent a jugador 1 |
| 46:36 | Lilbalayya · tribute_sent a jugador 2 |
| 46:36 | Lilbalayya · tribute_sent a jugador 3 |
| 46:36 | Lilbalayya · tribute_sent a jugador 5 |
| 46:36 | Lilbalayya · tribute_sent a jugador 6 |
| 46:36 | Lilbalayya · tribute_sent a jugador 7 |
| 46:36 | Lilbalayya · tribute_sent a jugador 8 |
| 48:30 | 546308830 · first_building Archery Range |
[ AI ANALYSIS · 1 CREDIT ]
What really happened in this match?
Wolo.gg analyzes every decision: build order, eco, micro, common mistakes by bracket. Personalized analysis on WhatsApp or Discord in 30 seconds.
Civ guide
Romans
Map guide
Arena
Perfil
Jugador #20962564